 Dungeon Crawl Stone Soup version 0.30-a0-34-gbe8da3892a (webtiles) character file.

Game seed: 17293929108220828085

36226 avis the Spry (level 13, -12/66 HPs)
             Began as a Felid Summoner on Aug 24, 2022.
             Was an Initiate of Gozag.
             Mangled by a wolf spider (19 damage)
             ... led by a jorogumo
             ... on level 1 of the Spider Nest on Aug 28, 2022.
             The game lasted 06:07:26 (33145 turns).

avis the Spry (Felid Summoner)                     Turns: 33145, Time: 06:07:27

Health: -12/66     AC:  3    Str:  4    XL:     13   Next: 51%
Magic:  37/37      EV: 39    Int: 20    God:    Gozag
Gold:   250        SH:  0    Dex: 23    Spells: 5/32 levels left
                                        Lives:  0   Deaths: 4

rFire   . . .      SeeInvis +    (weapon unavailable)
rCold   + + .      Faith    .    (shield unavailable)
rNeg    . . .      Spirit   .    (body armour unavailable)
rPois   .          Reflect  .    (helmet unavailable)
rElec   .          Harm     .    (cloak unavailable)
rCorr   .          Rampage  .    (gloves unavailable)
Will    +....                    (boots unavailable)
Stlth   +++.......               E - amulet of Ceapser {Regen+ Dex+3}
HPRegen 1.01/turn                h - +4 ring of evasion
MPRegen 0.25/turn                O - ring "Jestrom" {Wiz rC+ MP+9 Dex+2}

@: quick
A: very small, claws 1, fangs 3, see invisible, speed 1, shaggy fur 3, stealthy
paws, no weapons or thrown items, no armour, multi-lived
a: Renounce Religion, Potion Petition, Call Merchant, Bribe Branch


You were on level 1 of the Spider Nest.
You worshipped Gozag.
Gozag was aware of your devotion.
You visited 5 branches of the dungeon, and saw 19 of its levels.
You also visited: Bailey and Gauntlet.

You collected 6149 gold pieces.
You spent 2742 gold pieces at shops.
You paid 3157 gold pieces to Gozag.

Inventory:

Jewellery
 d - a ring of flight
 h - a +4 ring of evasion (left paw)
 o - a ring of protection from fire
 p - an amulet of reflection
 E - the amulet of Ceapser (around neck) {Regen+ Dex+3}
   (You found it on level 7 of the Dungeon)

   [amulet of regeneration]

   Dex:       It affects your dexterity (+3).
   Regen:     It increases your rate of health regeneration.
 O - the ring "Jestrom" (right paw) {Wiz rC+ MP+9 Dex+2}
   (You bought it in a shop on level 2 of the Orcish Mines)

   [ring of wizardry]

   It improves your spell success rate.
   Dex:       It affects your dexterity (+2).
   rC:        It protects you from cold.
   MP:        It affects your magic capacity (+9).
Wands
 u - a wand of mindburst (18)
 v - a wand of polymorph (24)
 y - a wand of iceblast (16)
 F - a wand of acid (5)
Scrolls
 e - 4 scrolls of poison
 f - 8 scrolls of teleportation
 i - 2 scrolls of vulnerability
 k - a scroll of amnesia
 s - a scroll of magic mapping
 t - 5 scrolls of immolation
 x - a scroll of fog
 D - 2 scrolls of blinking
 I - 2 scrolls of fear
 N - a scroll of identify
Potions
 a - a potion of magic
 b - 4 potions of lignification
 c - 8 potions of haste
 g - 4 potions of brilliance
 l - 8 potions of attraction
 m - 2 potions of might
 r - a potion of flight
 A - 5 potions of mutation
 B - a potion of heal wounds
 C - 2 potions of cancellation
 G - 2 potions of resistance
 L - a potion of curing
 M - a potion of ambrosia
Miscellaneous
 j - a condenser vane
 n - a tin of tremorstones (2/2)
 q - a phantom mirror
 z - a condenser vane
 J - a tin of tremorstones (2/2)
 K - a phantom mirror


   Skills:
 + Level 13.2 Fighting
 + Level 17.1 Dodging
 - Level 5.0 Stealth
 - Level 10.0 Spellcasting
 - Level 7.0 Hexes
 - Level 14.0 Summonings
 - Level 2.0 Translocations
 * Level 6.2 Transmutations
 * Level 7.2 Air Magic


You had 5 spell levels left.
You knew the following spells:

 Your Spells              Type           Power      Damage    Failure   Level
b - Blink                 Tloc           36%        N/A       1%          2
c - Call Imp              Summ           60%        N/A       1%          2
d - Call Canine Familiar  Summ           60%        N/A       1%          3
g - Summon Guardian Gole  Hex/Summ       51%        N/A       1%          3
l - Summon Lightning Spi  Summ/Air       51%        N/A       1%          4
C - Summon Cactus Giant   Summ           30%        N/A       1%          6
S - Storm Form            Tmut/Air       18%        N/A       80%         7

Your spell library contained the following spells:

 Spells                   Type           Power      Damage    Failure   Level
 Summon Small Mammal      Summ           100%       N/A       0%          1
 Poisonous Vapours        Pois/Air       48%        N/A       1%          2
 Wereblood                Tmut           34%        N/A       1%          2
 Inner Flame              Hex/Fire       24%        N/A       1%          3
 Airstrike                Air            19%        2d(3-19)  1%          4
 Summon Ice Beast         Ice/Summ       38%        N/A       1%          4
 Ignite Poison            Fire/Tmut/Pois 18%        N/A       3%          3
 Lesser Beckoning         Tloc           18%        N/A       3%          3
 Mephitic Cloud           Conj/Pois/Air  19%        N/A       3%          3
 Scorch                   Fire           20%        2d6       4%          2
 Sublimation of Blood     Necr           10%        N/A       4%          2
 Silence                  Hex/Air        19%        N/A       4%          5
 Passage of Golubria      Tloc           18%        N/A       12%         4
 Lightning Bolt           Conj/Air       12%        1d25      17%         5
 Freezing Cloud           Conj/Ice/Air   9%         6-21      28%         5
 Manifold Assault         Tloc           18%        N/A       32%         5
 Summon Hydra             Summ           30%        N/A       8%          7
 Lehudib's Crystal Spear  Conj/Erth      5%         10d3      100%        8
 Corpse Rot               Necr/Pois/Air  Unusable   N/A       N/A         4

Dungeon Overview and Level Annotations

Branches:
Dungeon (10/15)            Temple (1/1) D:5            Lair (5/5) D:10
 Shoals (0/4) Lair:3       Spider (1/4) Lair:2        Slime (0/5) Lair:5
    Orc (2/2) D:10            Elf (0/3) Orc:2        Bailey (visited)
Gauntlet (visited)

Altars:
Ashenzari
Cheibriados
Dithmenos
Elyvilon
Fedhas
Gozag
Hepliaklqana
Kikubaaqudgha
Makhleb
Nemelex Xobeh
Okawaru
Qazlal
Ru
Sif Muna
Trog
Uskayaw
Vehumet
Wu Jian
Xom
Yredelemnul
Zin
The Shining One

Shops:
D:8 [   Orc:1 (   Orc:2 *:*=?[(

Annotations:
Lair:1 2 transporters, Gilleps's ghost, journeyman GrWn
Lair:3 3 runed translucent doors, Archem's ghost, journeyman OgTm
Lair:5 4 runed translucent doors, Mysukhlell's ghost, journeyman DrTm


Innate Abilities, Weirdness & Mutations

You have sharp claws.
You have razor-sharp teeth.
You have supernaturally acute eyesight. (SInv)
You cover ground quickly. (Speed+)
Your thick and shaggy fur keeps you warm. (AC +3, rC+)
Your paws help you pounce on unaware monsters.
You are incapable of wielding weapons or throwing items.
You cannot wear armour.
You gain extra lives every three experience levels.


Message History

Your cactus giant struggles to get unstuck from the web.
The jorogumo is struck by your cactus giant's spines.
The jorogumo hits your cactus giant!!
Your cactus giant is no longer moving slowly.
The jorogumo is struck by your cactus giant's spines.
The jorogumo dies!
Your cactus giant struggles to get unstuck from the web.
Your cactus giant pulls away from the web.
You now have 250 gold pieces (gained 4).
Your cactus giant is caught in a web!
Your cactus giant struggles to get unstuck from the web.
Your cactus giant pulls away from the web.
There is a hole to the Spider Nest here.
You start resting.
Magic restored.
You start waiting.
Your cactus giant disappears in a puff of smoke!
Done waiting.
You climb downwards.
Welcome back to the Spider Nest!
This branch contains the gossamer rune of Zot.
The wolf spider completely misses you. x2; The wolf spider misses you. x2
The wolf spider completely misses you. The wolf spider barely misses you.
The wolf spider hits you!! The wolf spider bites you!
A redback comes into view.
The demonic crawler completely misses you. x2
The demonic crawler barely misses you.
The wolf spider completely misses you. x2
The wolf spider hits you!
* * * LOW HITPOINT WARNING * * *
The wolf spider bites you.
* * * LOW HITPOINT WARNING * * *
You hear a faint skittering sound.
There is a crawl-hole back to the Lair, spattered with blood here.
You see here 7 gold pieces.
Okay, then.
The demonic crawler closely misses you. The demonic crawler misses you.
The demonic crawler hits you!
* * * LOW HITPOINT WARNING * * *
The wolf spider completely misses you. x2; The wolf spider hits you!!
You die...
Your body crumbles into a pile of gold.

.s. ..# . #.H
.. #s. $ #s.
##$. ##
#...#ss.###
#..#
#..s#ยง..#...##
#ss#.......^
####@s..###.!
#....s#s..#
##..###..##
#.^## ...# #..
### ###


You could see a demonic crawler, 2 wolf spiders, a culicivora, a jumping spider
(wandering) and 3 redbacks.

Vanquished Creatures
  An orc high priest (Orc:2)
  A hornet (D:8)
  A blink frog (Lair:3)
  A vampire (D:10)
  A redback (Lair:2)
  An orc warrior (Orc:2)
  A wolf (Lair:5)
  A hound (D:5)
  An orc priest (Orc:2)
  2 orc wizards
  5 orcs
  An endoplasm (D:2)
  A giant cockroach (D:1)
  2 goblins (D:3)
  2 hobgoblins
  2 ball pythons
  2 bats
  2 frilled lizards
  2 kobolds (D:3)
  2 rats
32 creatures vanquished.

Vanquished Creatures (collateral kills)
  3 orc warlords
  An entropy weaver (Lair:2)
  5 hydras
  A vault guard (Bailey)
  A jorogumo (Lair:2)
  A catoblepas (Lair:3)
  A two-headed ogre (D:8)
  4 death yaks (D:10)
  2 orc high priests (Orc:2)
  Nergalle (Lair:3)
  Sonja (Lair:2)
  A lindwurm (Lair:5)
  3 orc knights
  2 wolf spiders (Lair:2)
  5 orc sorcerers
  7 black mambas
  10 elephants
  3 molten gargoyles (Lair:5)
  5 torpor snails
  A gargoyle (D:10)
  7 cane toads
  9 komodo dragons
  6 rime drakes
  A troll (Orc:2)
  2 queen bees (Lair:2)
  A hornet (D:10)
  A tarantella (Lair:2)
  A nameless horror (Orc:1)
  18 blink frogs
  4 meliai (Lair:2)
  Prince Ribbit (Bailey)
  13 dream sheep (Lair:5)
  Sigmund (D:2)
  11 wyverns
  46 yaks
  4 redbacks
  2 steam dragons
  4 humans (Bailey)
  A death yak simulacrum (Lair:4)
  5 basilisks
  Menkaure (D:7)
  2 wargs
  An acid dragon (D:9)
  10 water moccasins
  5 hell hounds (Lair:5)
  2 ice beasts
  27 orc warriors
  2 sky beasts
  A black bear (Lair:3)
  16 wolves
  12 ogres
  A centaur (D:5)
  2 lemures (D:4)
  A phantom (D:3)
  A kobold brigand (D:8)
  21 bullfrogs
  2 necrophages
  2 scorpions
  A water moccasin zombie (D:4)
  A cane toad simulacrum (Lair:4)
  11 wights
  Dowan (D:5)
  An elephant simulacrum (Lair:4)
  22 killer bees
  5 howler monkeys
  4 lava snakes (Lair:5)
  A crimson imp (D:3)
  2 jellies (D:5)
  19 orc priests
  Jessica (D:2)
  An iguana (D:5)
  24 orc wizards
  3 hell rats (Lair:3)
  A polar bear simulacrum (Lair:4)
  2 hound zombies (D:4)
  10 gnolls
  9 adders
  3 river rats (Lair:3)
  2 shadow imps (D:6)
  A white imp (D:6)
  4 dart slugs
  87 orcs
  3 endoplasms
  12 goblins
  10 hobgoblins
  3 quokkas
  A ball python (D:2)
  16 kobolds
  A quokka zombie (D:4)
  10 rats
577 creatures vanquished.

Vanquished Creatures (others)
  A vault guard (Bailey)
  A catoblepas (Lair:3)
  A two-headed ogre (D:9)
  A death yak (D:10)
  An orc high priest (Orc:2)
  An orc knight (Orc:2)
  Pikel (D:4)
  A manticore (Lair:2)
  2 elephants
  2 black mambas (Lair:3)
  2 torpor snails (Lair:2)
  Maggie (D:7)
  3 cane toads
  A komodo dragon (Lair:2)
  A rime drake (Lair:2)
  2 meliai (Lair:2)
  6 blink frogs
  12 yaks
  2 basilisks
  A wyvern (D:10)
  2 humans (Bailey)
  2 steam dragons
  Eustachio (D:5)
  Edmund (D:5)
  Duvessa (D:5)
  A water moccasin (Lair:2)
  3 ice beasts
  5 orc warriors
  A wolf (Lair:2)
  2 centaurs
  An ogre (D:6)
  A phantom (D:3)
  Blork the orc (D:5)
  2 bullfrogs (Bailey)
  A necrophage (D:4)
  A gnoll sergeant (D:6)
  3 wights (D:8)
  12 killer bees
  Crazy Yiuf (D:2)
  A jelly (D:3)
  3 orc priests
  A gnoll bouda (D:5)
  An iguana (D:5)
  A hell rat (Lair:3)
  An orc wizard (Orc:2)
  5 gnolls
  A river rat (Lair:3)
  An adder zombie (D:4)
  3 orcs
  A hobgoblin (D:3)
  A kobold (D:3)
  3 bushes (D:10)
  40 fungi
  60 plants
208 creatures vanquished.

Grand Total: 817 creatures vanquished

Notes
Turn   | Place    | Note
-------+----------+-------------------------------------------
     0 | D:1      | avis the Felid Summoner began the quest for the Orb.
     0 | D:1      | Reached XP level 1. HP: 7/7 MP: 4/4
    64 | D:1      | Found a faded altar of an unknown god.
   583 | D:1      | Reached XP level 2. HP: 11/11 MP: 3/6
  1143 | D:1      | Learned a level 2 spell: Call Imp
  1195 | D:2      | Noticed Jessica
  1219 | D:2      | Noticed Sigmund
  1860 | D:2      | Reached XP level 3. HP: 14/14 MP: 2/8
  2209 | D:2      | Killed Jessica
  2210 | D:2      | Reached XP level 4. HP: 18/18 MP: 4/10
  2242 | D:2      | Learned a level 3 spell: Call Canine Familiar
  2305 | D:2      | Killed Sigmund
  2306 | D:2      | Reached skill level 5 in Summonings
  2306 | D:2      | Reached XP level 5. HP: 21/21 MP: 7/13
  2310 | D:2      | Learned a level 3 spell: Summon Guardian Golem
  2550 | D:2      | Found a runed translucent door.
  2551 | D:2      | Noticed Crazy Yiuf
  2562 | D:2      | Killed Crazy Yiuf
  2563 | D:2      | Gained mutation: You are covered in thick fur. (AC +2)
                  | [Felid growth]
  2563 | D:2      | Reached XP level 6. HP: 24/24 MP: 8/14
  2581 | D:2      | Learned a level 4 spell: Summon Lightning Spire
  2802 | D:3      | Found a white marble altar of Elyvilon.
  3007 | D:3      | Reached skill level 5 in Spellcasting
  3045 | D:3      | Noticed an ice beast
  3067 | D:3      | Killed an ice beast
  3193 | D:3      | Reached skill level 1 in Air Magic
  3361 | D:3      | Reached XP level 7. HP: 27/27 MP: 7/15
  3472 | D:3      | Found a burning altar of Makhleb.
  3473 | D:3      | Found a shimmering altar of Xom.
  4014 | D:4      | Found a broken altar of Ashenzari.
  4015 | D:4      | Found an ornate altar of the Wu Jian Council.
  4348 | D:4      | Found a hazy altar of Hepliaklqana.
  4717 | D:4      | Found a sacrificial altar of Ru.
  5051 | D:4      | Found a shimmering blue altar of Sif Muna.
  5316 | D:4      | Found a basalt altar of Yredelemnul.
  5378 | D:5      | Entered Level 5 of the Dungeon
  5448 | D:5      | Found a staircase to the Ecumenical Temple.
  5459 | D:5      | Noticed Pikel
  5461 | Temple   | Entered the Ecumenical Temple
  6122 | D:4      | Killed Pikel
  6123 | D:4      | Reached skill level 1 in Fighting
  6123 | D:4      | Reached skill level 3 in Dodging
  6123 | D:4      | Reached skill level 5 in Hexes
  6123 | D:4      | Reached XP level 8. HP: 29/33 MP: 8/17
  6379 | D:5      | Noticed Eustachio
  6384 | D:5      | Noticed Edmund
  6398 | D:5      | Killed Edmund
  6399 | D:5      | Reached skill level 4 in Dodging
  6430 | D:5      | Killed Eustachio
  7070 | D:5      | Found a stormy altar of Qazlal.
  7125 | D:5      | Noticed Blork the orc
  7125 | D:5      | Noticed Duvessa
  7125 | D:5      | Noticed Dowan
  7174 | D:5      | Killed Blork the orc
  7175 | D:5      | Reached XP level 9. HP: 15/37 MP: 2/19
  7736 | D:5      | Killed Duvessa
  7758 | D:5      | Killed Dowan
  7833 | D:5      | Identified the +3 scale mail of Proximity {Str+2}
  7942 | D:5      | Found a shadowy altar of Dithmenos.
  8207 | D:6      | Reached skill level 5 in Dodging
  8555 | D:6      | Reached skill level 5 in Air Magic
  8888 | D:6      | Found a bloodstained altar of Trog.
  9508 | D:7      | Noticed Menkaure
  9522 | D:7      | Killed Menkaure
  9549 | D:7      | Identified the amulet of Ceapser {Regen+ Dex+3}
  9593 | D:7      | Reached skill level 6 in Dodging
  9847 | D:7      | Noticed Maggie
  9867 | D:7      | Killed Maggie
 10051 | D:7      | Reached XP level 10. HP: 43/43 MP: 11/21
 11179 | D:8      | Slain by a yak
 11180 | D:8      | Reached XP level 9. HP: -1/54 MP: 15/20
 11463 | D:8      | Reached skill level 7 in Dodging
 11503 | D:8      | Reached skill level 5 in Fighting
 11690 | D:8      | Found Poptab's Antique Armour Boutique.
 12013 | D:8      | Noticed a two-headed ogre
 12026 | D:8      | Killed a two-headed ogre
 12027 | D:8      | Reached XP level 10. HP: 44/44 MP: 16/22
 12260 | D:8      | Reached skill level 8 in Dodging
 13149 | D:9      | Found an opulent altar of Gozag.
 13149 | D:9      | Noticed a two-headed ogre
 13165 | D:9      | Killed a two-headed ogre
 13182 | D:9      | Became a worshipper of Gozag Ym Sagoz the Greedy
 13837 | D:9      | Found a sparkling altar of Nemelex Xobeh.
 13992 | D:10     | Entered Level 10 of the Dungeon
 14053 | D:10     | Found a flagged portal.
 14055 | D:10     | Noticed a gargoyle
 14062 | Bailey   | Entered a bailey
 14171 | Bailey   | Reached skill level 9 in Dodging
 14391 | Bailey   | Noticed Prince Ribbit
 14398 | Bailey   | Noticed a vault guard
 14407 | Bailey   | Noticed a vault guard
 14453 | Bailey   | Killed a vault guard
 14454 | Bailey   | Reached XP level 11. HP: 50/50 MP: 2/24
 14593 | Bailey   | Killed Prince Ribbit
 14598 | Bailey   | Killed a vault guard
 14659 | D:10     | Reached skill level 10 in Dodging
 15052 | D:10     | Found a staircase to the Orcish Mines.
 15562 | D:10     | Found a snail-covered altar of Cheibriados.
 16145 | D:10     | Found a staircase to the Lair.
 16164 | D:10     | Found a blossoming altar of Fedhas.
 16306 | D:10     | Reached skill level 11 in Dodging
 16954 | Lair:1   | Entered Level 1 of the Lair of Beasts
 16964 | Lair:1   | Noticed a death yak
 16964 | Lair:1   | Noticed a death yak
 16965 | Lair:1   | Noticed a death yak
 17069 | D:10     | Killed a death yak
 17156 | Lair:1   | Noticed a death yak
 17156 | Lair:1   | Noticed a death yak
 17201 | D:10     | Killed a death yak
 17209 | D:10     | Killed a death yak
 17756 | Lair:1   | Reached skill level 10 in Summonings
 17766 | Lair:1   | Gained mutation: Your thick and shaggy fur keeps you warm.
                  | (AC +3, rC+) [Felid growth]
 17766 | Lair:1   | Reached XP level 12. HP: 56/56 MP: 12/26
 17896 | Lair:1   | Reached skill level 12 in Dodging
 18074 | D:10     | Killed a death yak
 18256 | D:10     | Killed a death yak
 18355 | Lair:1   | Learned a level 7 spell: Summon Hydra
 18355 | Lair:1   | Upgraded the game from 0.30-a0-23-ge60ba3568b to
                  | 0.30-a0-29-g142975f185
 18448 | Lair:1   | Found a transporter.
 18450 | Lair:1   | Noticed Gilleps's ghost (journeyman GrWn)
 18456 | Lair:1   | Found a bloodstained altar of Trog.
 18572 | Lair:1   | Found a transporter.
 19035 | Lair:2   | Found a hole to the Spider Nest.
 19043 | Lair:2   | Found a basalt altar of Yredelemnul.
 19149 | Lair:2   | Noticed a four-headed hydra
 19151 | Lair:2   | Killed a four-headed hydra
 19466 | Lair:2   | Killed from afar by a meliai
 19467 | Lair:2   | Reached XP level 11. HP: 0/54 MP: 11/25
 19486 | Lair:2   | Reached skill level 13 in Dodging
 19697 | Lair:2   | Reached skill level 10 in Fighting
 19815 | Lair:2   | Found a snail-covered altar of Cheibriados.
 20065 | Lair:2   | Reached XP level 12. HP: 58/58 MP: 5/26
 21123 | Lair:2   | Reached skill level 10 in Spellcasting
 22102 | Lair:3   | Learned a level 2 spell: Blink
 22137 | Lair:3   | Mangled by a black mamba
 22138 | Lair:3   | Reached XP level 11. HP: -8/55 MP: 12/26
 22138 | Lair:3   | Noticed a catoblepas
 22287 | Lair:3   | Found a runed translucent gate.
 22287 | Lair:3   | Found a runed translucent gate.
 22289 | Lair:3   | Found a runed translucent gate.
 22289 | Lair:3   | Noticed Sonja
 22401 | Lair:2   | Killed Sonja
 22402 | Lair:2   | Reached skill level 1 in Translocations
 22479 | Lair:3   | Noticed Archem's ghost (journeyman OgTm)
 22763 | Lair:3   | Reached skill level 14 in Dodging
 23001 | Lair:3   | Killed a catoblepas
 23002 | Lair:3   | Reached XP level 12. HP: 59/59 MP: 14/27
 23778 | Lair:3   | Found a staircase to the Shoals.
 23778 | Lair:3   | Noticed Nergalle
 23796 | Lair:3   | Killed Nergalle
 23895 | Lair:3   | Learned a level 7 spell: Storm Form
 24113 | Lair:1   | Upgraded the game from 0.30-a0-29-g142975f185 to
                  | 0.30-a0-34-gbe8da3892a
 24470 | Lair:4   | Noticed a catoblepas
 24843 | Lair:3   | Killed a catoblepas
 25684 | Lair:4   | Identified the +1 ring mail of the Antique God {Will+
                  | Str+3}
 25731 | Lair:4   | You fall into a shaft and drop 1 floor!
 25731 | Lair:5   | Entered Level 5 of the Lair of Beasts
 25738 | Lair:5   | Got the Quarto of Mustering and Pyromania
 25746 | Lair:5   | Noticed a four-headed hydra
 25758 | Lair:5   | Killed a four-headed hydra
 25815 | Lair:4   | Learned a level 6 spell: Summon Cactus Giant
 25886 | Lair:4   | Noticed a four-headed hydra
 25900 | Lair:4   | Killed a four-headed hydra
 26185 | Lair:4   | Found a shimmering altar of Xom.
 26316 | Lair:4   | Reached skill level 5 in Stealth
 26765 | Lair:5   | Reached XP level 13. HP: 63/63 MP: 22/28
 26889 | Lair:5   | Reached skill level 15 in Dodging
 27336 | Lair:5   | Noticed a fire dragon
 27337 | Lair:5   | Found a large runed translucent door.
 27633 | Lair:5   | Found a large runed translucent door.
 28016 | Lair:5   | Found a staircase to the Slime Pits.
 28247 | Lair:5   | Reached skill level 16 in Dodging
 28306 | Lair:5   | Found a large runed translucent door.
 28307 | Lair:5   | Found a large runed translucent door.
 28308 | Lair:5   | Noticed Mysukhlell's ghost (journeyman DrTm)
 29086 | Orc:1    | Entered Level 1 of the Orcish Mines
 29086 | Orc:1    | Noticed an orc warlord
 29139 | D:10     | Killed an orc warlord
 29140 | D:10     | Reached skill level 1 in Transmutations
 29439 | Orc:1    | Found Byfysuoj's Antique Weapon Emporium.
 30257 | Orc:2    | Entered Level 2 of the Orcish Mines
 30257 | Orc:2    | Found a staircase to the Elven Halls.
 30293 | Orc:2    | Noticed an orc warlord
 30385 | Orc:1    | Killed an orc warlord
 30386 | Orc:1    | Reached XP level 14. HP: 42/69 MP: 5/29
 30614 | Orc:2    | Found a gate leading to a gauntlet.
 30634 | Gauntlet | Entered a Gauntlet
 30634 | Gauntlet | Found a transporter.
 30634 | Gauntlet | Found a transporter.
 30651 | Gauntlet | Found a transporter.
 30655 | Gauntlet | Found a transporter.
 30673 | Gauntlet | Found a transporter.
 30673 | Gauntlet | Found a transporter.
 30687 | Gauntlet | Found a transporter.
 30768 | Gauntlet | Found a transporter.
 30770 | Gauntlet | Found a transporter.
 30784 | Gauntlet | Found a transporter.
 30788 | Gauntlet | Found a transporter.
 30802 | Gauntlet | Found a transporter.
 31024 | Orc:2    | Found Wammyfiu's General Store.
 31027 | Orc:2    | Bought a scroll of identify for 32 gold pieces
 31027 | Orc:2    | Bought a scroll of identify for 32 gold pieces
 31027 | Orc:2    | Bought a scroll of teleportation for 48 gold pieces
 31027 | Orc:2    | Bought a potion of heal wounds for 80 gold pieces
 31027 | Orc:2    | Bought a potion of curing for 48 gold pieces
 31027 | Orc:2    | Bought a potion of haste for 160 gold pieces
 31027 | Orc:2    | Bought a potion of brilliance for 64 gold pieces
 31218 | Orc:2    | Noticed an orc warlord
 31241 | Orc:2    | Killed an orc warlord
 31292 | Orc:2    | Reached skill level 5 in Transmutations
 31722 | Orc:2    | Reached skill level 17 in Dodging
 31934 | Orc:2    | Found Uthef's General Store.
 31935 | Orc:2    | Found Werugi Ociu's Book Emporium.
 31936 | Orc:2    | Found Hotaipp's Antique Armour Shoppe.
 31936 | Orc:2    | Found Sisun's Antique Weapon Shoppe.
 31950 | Orc:2    | Bought a phantom mirror for 680 gold pieces
 31950 | Orc:2    | Bought a potion of ambrosia for 136 gold pieces
 31950 | Orc:2    | Bought 2 scrolls of identify for 68 gold pieces
 32535 | Orc:2    | Bought a scroll of poison for 52 gold pieces
 32538 | Orc:2    | Bought the ring "Jestrom" {Wiz rC+ MP+9 Dex+2} for 1342
                  | gold pieces
 32711 | Spider:1 | Entered Level 1 of the Spider Nest
 32964 | Lair:2   | Slain by a wolf spider
 32965 | Lair:2   | Reached XP level 13. HP: -1/66 MP: 31/37
 33145 | Spider:1 | Mangled by a wolf spider

Illustrated notes

Levels and vault maps discovered:
D:1:      minmay_arrival_split_and_join, layout_basic, basic_ecumenical_altar
D:2:      layout_loops_ring, uniq_sigmund, uniq_crazy_yiuf_cottage, uniq_jessica
D:3:      layout_rooms, grunt_temple_overflow_champion_of_chaos,
          elyvilon_altar_5, minivault_19, minmay_divided_ellipse
D:4:      layout_loops_ring, mainiacjoe_overflow_tiny_flanked,
          nicolae_yredelemnul_corpse_copse, old_standard_altar,
          general_overflow_altar, marbit_many_paths, kennysheep_little_box,
          corexii_corridor_pit
D:5:      layout_loops_cross, grunt_qazlal_clouds, overflow_temple_1_default,
          minmay_temple_entry_ruins, palyth_stone_intersect, uniq_blork_the_orc,
          uniq_edmund, uniq_eustachio, uniq_pikel, uniq_duvessa
D:6:      layout_loops_ring, trog_hazing_becter, minmay_between
D:7:      layout_cave_pods, dk_noncrumbling_4, uniq_maggie, uniq_menkaure
D:8:      layout_gridville, serial_shops, nicolae_shop_waterfront,
          kennysheep_generic_room_13
D:9:      layout_big_octagon, mainiacjoe_overflow_chevrons,
          nemelex_altar_shiori, minmay_misc_feat_alley, minmay_holes
D:10:     layout_gridville, kennysheep_mini_moat, fedhas_bush_and_centaur_altar,
          minmay_lair_entry_grove, david_orc_3, enter_bailey_2
Temple:   nicolae_temple_bog_church
Lair:1:   hellmonk_ruined_rings, layout_cave_shapes,
          gammafunk_ghost_wrathful_warriors
Lair:2:   regret_index_combs_of_tragedy, layout_cave_pods,
          spider_nest_entry_web_field, basic_altar, kennysheep_snail_temple,
          lemuel_fruit_tree
Lair:3:   layout_cave_pods, shoals_dummy_entry, ebering_ghost_rock_garden,
          kennysheep_abandoned_house, uniq_sonja, uniq_nergalle
Lair:4:   layout_regular_city, basic_altar, portal_ice_cave_entry_ice_simulacra
Lair:5:   cheibrodos_lair_end_hotspot, layout_regular_city,
          dpeg_slime_entry_corner, ebering_ghost_disaster_area,
          serial_bayou_shore_b
Spider:1: layout_spider_delve
Orc:1:    nicolae_orc_accident_3, layout_caves, serial_shops,
          nicolae_shop_advertising_works [nicolae_subvault_shop_adworks]
Orc:2:    st_orc_congregation, layout_caves, serial_shops,
          nicolae_shop_behind_doors, gauntlet_entry_generic

Skill      XL: |  1  2  3  4  5  6  7  8  9 10 11 12 13 14 |
---------------+-------------------------------------------+-----
Spellcasting   | 3 4 5 6 8 9 10 | 10.0
Summonings     | 5 6 8 9 12 13 14 | 14.0
Hexes          | 3 5 6 7 |  7.0
Air Magic      | 1 3 4 7 |  7.2
Fighting       | 1 2 5 7 10 11 12 13 | 13.2
Dodging        | 3 4 7 9 14 12 16 17 | 17.1
Translocations | 2 |  2.0
Stealth        | 5 |  5.0
Transmutations | 3 6 |  6.2

Action                   |  1- 3 |  4- 6 |  7- 9 | 10-12 | 13-15 || total
-------------------------+-------+-------+-------+-------+-------++-------
Melee: Unarmed           |    33 |    26 |    29 |   131 |    22 ||   241
       Bite              |     4 |     3 |       |    15 |     4 ||    26
       Punch             |       |       |       |     8 |       ||     8
 Cast: Summon Small Mamm |    39 |     4 |     3 |    18 |       ||    64
       Call Imp          |    10 |     5 |    48 |   117 |     6 ||   186
       Call Canine Famil |       |     7 |    62 |   143 |     9 ||   221
       Summon Guardian G |       |     5 |    60 |   140 |     9 ||   214
       Summon Lightning  |       |       |    12 |   107 |    19 ||   138
       Blink             |       |       |       |     3 |    16 ||    19
       Summon Cactus Gia |       |       |       |    10 |    90 ||   100
Invok: Potion Petition   |       |       |       |       |     5 ||     5
       Call Merchant     |       |       |       |       |     2 ||     2
Evoke: Wand              |       |       |       |    10 |     3 ||    13
  Use: Scroll            |       |       |     9 |    15 |     6 ||    30
       Potion            |       |       |     2 |     7 |     1 ||    10
 Stab: Sleeping          |     2 |       |     3 |       |       ||     5
       Distracted        |       |       |     1 |     2 |     1 ||     4
       Petrified         |       |       |       |     2 |       ||     2
Armor: Skin              |     5 |     3 |     5 |    20 |     2 ||    35
Dodge: Dodged            |    37 |    20 |    79 |   629 |   296 ||  1061

Table legend: (Time is in decaauts)
 A = Elapsed time spent in this place.
 B = Non-inter-level travel time spent in this place.
 C = Inter-level travel time spent in this place.
 D = Time resting spent in this place.
 E = Time spent auto-exploring this place.
 F = Levels seen in this place.
 G = Mean time per level.
                   A        B        C        D        E       F      G
               +--------+--------+--------+--------+--------+-----+--------+
         Total |  29754 |  27375 |   2379 |   7974 |   7564 |  21 | 1416.9 |
       Dungeon |  15794 |  14354 |   1440 |   4413 |   4737 |  10 | 1579.4 |
        Temple |    176 |    157 |     19 |      0 |    144 |   1 |  176.0 |
          Lair |  10459 |   9775 |    684 |   2931 |   2336 |   5 | 2091.8 |
   Spider Nest |     28 |     28 |      0 |      0 |      0 |   1 |   28.0 |
  Orcish Mines |   2526 |   2292 |    234 |    512 |    347 |   2 | 1263.0 |
        Bailey |    544 |    544 |      0 |    118 |      0 |   1 |  544.0 |
      Gauntlet |    224 |    224 |      0 |      0 |      0 |   1 |  224.0 |
               +--------+--------+--------+--------+--------+-----+--------+

Top non-repeatable levels by time:
  Lair:2: 3762 daAuts
    D:10: 2578 daAuts
  Lair:3: 2572 daAuts
     D:8: 2062 daAuts
     D:4: 1957 daAuts
     D:5: 1727 daAuts
  Lair:5: 1642 daAuts
  Lair:4: 1513 daAuts
     D:7: 1480 daAuts
     D:9: 1420 daAuts
     D:1: 1405 daAuts
   Orc:2: 1273 daAuts
   Orc:1: 1252 daAuts
     D:3: 1141 daAuts
     D:2: 1110 daAuts
